 Dungeon Crawl Stone Soup version 0.19-a0-45-g2c295ea (webtiles) character file.

263 Kenran the Cleaver (level 6, -9/51 HPs)
             Began as a Hill Orc Fighter on May 5, 2016.
             Killed by nerve-wracking pain
             ... invoked by an orc priest
              (11 damage)
             ... on level 3 of the Dungeon.
             The game lasted 00:05:32 (2967 turns).

Kenran the Cleaver (Hill Orc Fighter)               Turns: 2967, Time: 00:05:34

Health: -9/51      AC:  6    Str: 21    XL:     6   Next: 19%
Magic:  6/6        EV:  7    Int:  8    God:
Gold:   94         SH:  9    Dex: 10    Spells: 0 memorised, 5 levels left

rFire  . . .     SeeInvis .     a - +0 war axe
rCold  . . .     Gourm    .     b - +0 scale mail
rNeg   . . .     Faith    .     c - +0 shield
rPois  .         Spirit   .     (no helmet)
rElec  .         Dismiss  .     (no cloak)
rCorr  .         Reflect  .     (no gloves)
SustAt .         Harm     .     (no boots)
MR     .....                    (no amulet)
Stlth  ..........               (no ring)
                                (no ring)

@: not resistant to hostile enchantments, extremely unstealthy
A: no striking features
a: Convert to Beogh


You were on level 3 of the Dungeon.
You were not hungry.

You visited 1 branch of the dungeon, and saw 4 of its levels.

You collected 94 gold pieces.

Inventory:

Hand Weapons
 a - a +0 war axe (weapon)
Armour
 b - a +0 scale mail (worn)
 c - a +0 shield (worn)
Jewellery
 o - a +3 ring of protection {unknown}
Scrolls
 e - 2 scrolls of remove curse {unknown}
 h - 5 scrolls of teleportation {unknown}
 j - a scroll of magic mapping {unknown}
 n - a scroll of identify {unknown}
Potions
 d - a potion of might
 g - a potion of curing {unknown}
 l - a potion of heal wounds {unknown}
 m - a potion of flight {unknown}
 p - a potion of ambrosia {unknown}
 q - a potion of berserk rage
Comestibles
 f - 2 bread rations
 i - a beef jerky
 k - a meat ration


   Skills:
 - Level 3.6 Fighting
 + Level 8.3 Axes
 - Level 3.2 Armour
 - Level 3.2 Shields


You had 5 spell levels left.
You didn't know any spells.

Dungeon Overview and Level Annotations

Branches:
Dungeon (4/15)
 Temple: D:4-7

Altars:
Pakellas
Ru
Vehumet
Yredelemnul

Annotations:
D:3 Sigmund


Message History

The orc priest shouts, "Join the one true god or die!"
The orc priest is heavily wounded.
You closely miss the orc. You closely miss the ogre.
The ogre is lightly wounded.
The ogre barely misses you. The orc priest hits you. The orc barely misses you.
Your shield and scale mail prevent you from hitting the orc priest.
The orc priest is heavily wounded.
You closely miss the orc. You hit the ogre.
The ogre is lightly wounded.
You block the orc priest's attack. The orc hits you but does no damage.
The ogre hits you with a giant spiked club!!
* * * LOW HITPOINT WARNING * * *
You hit the orc priest.
The orc priest is severely wounded.
You closely miss the orc. You hit the ogre.
The ogre is lightly wounded.
The orc hits you but does no damage.
The orc priest mumbles some strange prayers to Beogh against you.
Pain shoots through your body!
You die...

# #.#######.......<.# #
#.# #....#.##.# #######.#
#....#.##.#
........#######....#.##.#
.............(.....#.##.#
#######...............###
#### ##.######.#..#..#
...# #.# #o##.#..# ##.#
#.# #O@o)...# #.# #.#
######.## #.# #.# #.# #.#
#.# #.# #.# #.# #)# #.#
#.# #)# #.# #.# #<# ##.#
#.# ### ...# #.#


You could see an ogre, an orc priest and an orc.

Vanquished Creatures
  A scorpion (D:2)
  Ijyb (D:3)
  Natasha (thrice) (D:3)
  4 adders
  An ooze (D:3)
  2 worms
  2 dart slugs (D:2)
  11 orcs
  2 giant cockroaches (D:2)
  5 hobgoblins (D:2)
  7 jackals
  8 kobolds
  3 quokkas
  3 ball pythons
  3 bats (D:3)
  A giant newt (D:3)
  A goblin (D:3)
  3 rats
61 creatures vanquished.

Vanquished Creatures (others)
  A plant (D:4)
1 creature vanquished.

Grand Total: 62 creatures vanquished

Notes
Turn   | Place    | Note
--------------------------------------------------------------
     0 | D:1      | Kenran the Hill Orc Fighter began the quest for the Orb.
     0 | D:1      | Reached XP level 1. HP: 19/19 MP: 1/1
     2 | D:1      | You fall through a shaft!
    28 | D:2      | Reached skill level 3 in Axes
    32 | D:2      | Found a basalt altar of Yredelemnul.
   119 | D:2      | Reached XP level 2. HP: 25/26 MP: 2/2
   173 | D:2      | Found a radiant altar of Vehumet.
   319 | D:2      | Reached skill level 4 in Axes
   639 | D:2      | Reached XP level 3. HP: 23/31 MP: 3/3
  1080 | D:2      | Reached skill level 5 in Axes
  1150 | D:3      | Noticed Natasha
  1261 | D:3      | Killed Natasha
  1261 | D:3      | Reached XP level 4. HP: 35/39 MP: 4/4
  1374 | D:3      | Noticed Natasha
  1378 | D:3      | Killed Natasha
  1378 | D:3      | Reached skill level 6 in Axes
  1500 | D:3      | Reached XP level 5. HP: 37/45 MP: 5/5
  1509 | D:3      | Noticed Ijyb
  1546 | D:2      | Reached skill level 7 in Axes
  1792 | D:3      | Killed Ijyb
  1842 | D:3      | Found a sacrificial altar of Ru.
  2181 | D:3      | Found an oddly glowing altar of Pakellas.
  2181 | D:3      | Noticed a rakshasa
  2295 | D:2      | Reached skill level 8 in Axes
  2295 | D:2      | Reached XP level 6. HP: 20/51 MP: 6/6
  2716 | D:3      | Noticed Natasha
  2719 | D:3      | Killed Natasha
  2751 | D:3      | Noticed Sigmund
  2966 | D:3      | HP: 2/51 [ogre/giant spiked club (22)]
  2967 | D:3      | Killed from afar by an orc priest

Vault maps used:
D:1:      sevenhm_arrival_forest_fort_small_6, minmay_misc_feat_more_columns,
          hangedman_abyss_or_decor_lesser_grid
D:2:      nicolae_overflow_crystal_walls, yredelemnul_altar_generic, hex_tiny
D:3:      overflow_temple_1_default, gammafunk_pakellas_cloud_experiment,
          uniq_natasha, uniq_sigmund, uniq_iyjb
D:4:      wad_woods_tower, overflow_temple_1_default,
          minmay_temple_entry_crystal_x, nicolae_ossuary_entry_ruins,
          uniq_blork_the_orc

Skill      XL: |  1  2  3  4  5 |
---------------+----------------+-----
Axes           | 3 4 5 6 8 |  8.3
Fighting       | |  3.6
Armour         | |  3.2
Shields        | |  3.2

Action                   |  1- 3 |  4- 6 || total
-------------------------+-------+-------++-------
Melee: War axe           |   103 |   131 ||   234
  Eat: Chunk             |     1 |     4 ||     5
       Beef jerky        |       |     1 ||     1
Armor: Scale mail        |    45 |    51 ||    96
Dodge: Dodged            |    42 |    38 ||    80
Block: Shield            |    42 |    91 ||   133
